Map: New Repugnancy LE

Players

Samwise - Winner!

  • Race: Protoss Protoss
  • League: Platinum
  • Spawn Location: 1:00

A.I. 1 (Elite)

  • Race: Zerg Zerg
  • Spawn Location: 7:00

VOD

Have the link to the VOD?

Description

Time

  • Played on: Aug. 26, 2019, 4:15 p.m.
  • Length: 13:31
Show
View Real Time Build Order
Export as new Build Order

Samwise Protoss - Winner!

Build Orders: Phoenix Opening 

Get SALT Encoding   

  12  0:03  Probe  
  13  0:15  Probe  
  14  0:22  Pylon  
  14  0:27  Probe  
  15  0:38  Probe  
  16  0:46  Probe  
  16  0:47  Gateway  
  16  0:51  Assimilator  
  17  1:04  Probe  
  18  1:16  Probe  
  19  1:29  Probe  
  20  1:35  Cybernetics Core  
  20  1:36  Zealot  
  22  1:44  Probe  
  23  1:51  Nexus  
  23  2:06  Assimilator  
  23  2:11  Pylon  
  23  2:16  Warp Gate  
  23  2:29  Probe  
  26  2:35  Sentry  
  24  2:41  Probe  
  27  2:52  Forge  
  27  2:53  Probe  
  27  2:55  Pylon  
  28  3:02  Gateway  
  28  3:05  Probe  
  29  3:07  Robotics Facility  
  29  3:08  Probe  
  30  3:16  Probe  
  30  3:17  Probe  
  31  3:20  Stalker  
  31  3:21  Protoss Ground Weapons Level 1  
  31  3:26  Probe  
  31  3:27  Assimilator  
  34  3:29  Probe  
  36  3:37  Phoenix  
  36  3:38  Probe  
  37  3:41  Probe  
  38  3:50  Probe, Sentry  
  41  3:58  Warp Prism  
  43  4:19  Gateway  
  43  4:22  Sentry  
  45  4:36  Sentry  
  47  4:42  Gateway  
  47  4:44  Gateway  
  47  5:06  Adept  
  49  5:07  Stalker  
  51  5:16  Twilight Council  
  51  5:18  Gateway  
  51  5:20  Gateway  
  51  5:23  Pylon  
  51  5:26  Pylon  
  51  5:34  Zealot  
  53  5:40  Pylon  
  53  5:42  Pylon  
  53  5:45  Pylon  
  53  5:47  Pylon  
  53  5:56  Stalker  
  55  5:57  Stalker x4  
  63  6:10  Pylon  
  63  6:17  Pylon  
  63  6:18  Pylon  
  63  6:21  Zealot x3  
  63  6:22  Zealot x2  
  49  6:54  Warp Prism  
  49  6:58  Zealot x2  
  49  6:59  Zealot x5  
  61  7:52  Protoss Ground Weapons Level 2  
  61  7:56  Zealot x7  
  49  8:01  Warp Prism  
  51  8:07  Charge  
  51  8:22  Templar Archives  
  51  8:23  Nexus  
  51  8:25  Pylon  
  51  8:29  Assimilator  
  51  8:38  Immortal  
  51  8:41  Psionic Storm  
  51  8:42  Sentry x3  
  51  8:43  Sentry x2  
  51  8:45  Stalker x2  
  65  8:55  Shield Battery  
  69  9:07  Probe x2  
  71  9:15  Assimilator  
  73  9:34  Immortal  
  75  9:41  Probe x3  
  78  9:48  High Templar x3  
  78  9:49  High Templar  
  86  9:53  Probe, Archon  
  86  9:54  Archon  
  87  10:04  High Templar x2  
  91  10:08  Zealot  
  91  10:13  Observer  
  92  10:23  Zealot x5  
  86  11:10  Stalker x2  
  86  11:11  Stalker x5  
  92  11:49  Warp Prism  
  86  12:26  Observer  
Show
View Real Time Build Order
Export as new Build Order

A.I. 1 (Elite) Zerg 

Build Orders: Pool First 

Get SALT Encoding   

  12  0:00  Drone  
  13  0:12  Overlord  
  13  0:17  Drone  
  14  0:30  Drone x2  
  16  0:42  Spawning Pool  
  15  0:44  Drone  
  15  0:49  Drone  
  17  1:11  Hatchery  
  17  1:14  Drone  
  17  1:17  Extractor  
  16  1:20  Drone  
  16  1:23  Drone  
  18  1:28  Drone  
  19  1:38  Overlord  
  19  1:49  Drone  
  19  1:51  Queen  
  22  1:59  Zergling x2  
  23  2:10  Drone  
  24  2:21  Drone  
  25  2:26  Queen  
  27  2:32  Roach Warren  
  27  2:35  Drone  
  27  2:39  Extractor  
  27  2:41  Drone  
  27  2:48  Overlord  
  27  2:51  Drone  
  27  2:54  Drone  
  27  2:57  Drone  
  30  2:59  Drone  
  30  3:03  Drone  
  30  3:05  Zergling x2  
  33  3:09  Zergling x2  
  34  3:14  Roach  
  34  3:18  Roach  
  38  3:22  Roach  
  38  3:26  Roach  
  42  3:29  Drone  
  42  3:31  Drone  
  44  3:37  Overlord  
  44  3:44  Lair  
  44  3:55  Drone x3  
  47  3:56  Drone  
  47  3:58  Drone  
  47  4:01  Drone  
  50  4:03  Drone  
  50  4:05  Drone  
  50  4:09  Overlord  
  52  4:27  Drone x3  
  52  4:28  Zergling x2, Drone x2  
  58  4:33  Overlord, Zergling x4  
  58  4:37  Overlord  
  60  4:45  Infestation Pit, Drone  
  60  4:47  Spire, Drone  
  60  4:51  Roach  
  60  4:52  Roach  
  64  4:55  Roach  
  64  4:57  Roach  
  68  5:00  Overlord  
  68  5:08  Drone  
  68  5:10  Drone  
  68  5:13  Overlord  
  70  5:15  Roach  
  70  5:18  Roach  
  70  5:20  Roach  
  76  5:21  Hive  
  76  5:22  Roach  
  76  5:25  Overlord  
  76  5:28  Overlord  
  78  5:57  Overlord  
  78  6:00  Overlord  
  78  6:01  Corruptor x2  
  78  6:02  Corruptor  
  84  6:08  Evolution Chamber, Drone  
  84  6:09  Evolution Chamber  
  84  6:10  Drone  
  84  6:12  Zergling x2  
  84  6:14  Zergling x2  
  84  6:15  Zergling x2  
  84  6:17  Zergling x2  
  88  6:18  Zergling x2  
  88  6:20  Corruptor, Zergling x2  
  92  6:28  Drone  
  92  6:29  Extractor  
  92  6:30  Drone  
  92  6:34  Zergling x4  
  92  6:39  Zergling x2  
  85  6:41  Drone, Hydralisk Den, Zergling x2  
  85  6:42  Zergling x2, Extractor  
  85  6:43  Drone  
  85  6:46  Zergling x2  
  76  6:50  Zergling x2  
  76  6:52  Drone x2  
  76  6:53  Drone  
  73  7:01  Roach  
  68  7:04  Roach  
  68  7:05  Hatchery  
  66  7:10  Overseer  
  66  7:12  Roach, Hydralisk  
  66  7:13  Zergling x2, Roach  
  66  7:15  Zergling x2, Hydralisk  
  70  7:16  Drone x2  
  72  7:22  Hydralisk  
  72  7:26  Hydralisk  
  74  7:34  Zergling x2  
  71  7:37  Roach  
  68  7:45  Roach  
  68  7:47  Drone x3  
  63  7:54  Drone  
  63  7:57  Hydralisk  
  65  8:00  Drone  
  66  8:07  Drone  
  66  8:09  Drone  
  68  8:16  Drone  
  68  8:17  Infestor  
  68  8:19  Drone x2, Roach  
  75  8:23  Drone  
  76  8:27  Drone  
  76  8:29  Drone  
  76  8:31  Drone  
  79  8:38  Drone  
  79  8:40  Drone  
  81  8:41  Drone  
  82  8:48  Drone  
  82  8:50  Zerg Ground Armor Level 1  
  82  8:51  Drone, Infestor, Roach  
  82  8:52  Drone  
  82  8:54  Drone  
  90  8:59  Drone  
  90  9:01  Zerg Missile Weapons Level 1  
  91  9:03  Drone, Roach  
  91  9:08  Ravager  
  95  9:10  Drone  
  95  9:13  Drone  
  95  9:14  Extractor, Roach  
  98  9:20  Drone, Extractor  
  98  9:21  Hydralisk  
  98  9:22  Drone  
  98  9:23  Roach  
  103  9:24  Overlord  
  103  9:25  Zergling x2, Ravager  
  105  9:31  Drone  
  105  9:35  Drone x2  
  108  9:42  Drone  
  109  9:45  Overlord  
  109  9:46  Drone  
  110  9:53  Drone  
  110  9:54  Drone  
  110  9:55  Roach x2  
  110  9:56  Drone  
  110  9:58  Roach  
  119  10:02  Glial Reconstitution  
  119  10:03  Drone, Pneumatized Carapace  
  120  10:07  Overlord  
  120  10:09  Drone, Spine Crawler  
  120  10:12  Burrow  
  120  10:13  Spine Crawler  
  119  10:14  Drone  
  119  10:18  Drone  
  119  10:19  Hydralisk  
  123  10:25  Roach, Hydralisk  
  123  10:26  Overlord, Roach  
  129  10:29  Roach  
  129  10:31  Roach  
  133  10:36  Drone  
  133  10:38  Spine Crawler  
  133  10:39  Roach  
  133  10:40  Spine Crawler  
  134  10:45  Roach  
  134  10:46  Overlord  
  132  10:50  Drone  
  132  10:52  Spore Crawler  
  132  10:53  Spore Crawler, Drone  
  118  10:57  Zergling x2  
  118  10:58  Drone, Infestor, Zergling x2  
  118  10:59  Ravager  
  118  11:00  Hydralisk  
  118  11:01  Spine Crawler  
  94  11:04  Zergling x2  
  94  11:11  Drone  
  94  11:15  Roach  
  89  11:22  Drone  
  77  11:25  Drone  
  77  11:28  Roach  
  77  11:29  Zergling x2  
  77  11:30  Drone, Roach  
  77  11:32  Infestor  
  76  11:37  Zergling x2  
  71  11:43  Hydralisk  
  56  11:48  Roach  
  51  11:54  Zergling x2  
  51  11:58  Hydralisk  
  51  12:01  Zergling x2, Roach x2  
  59  12:09  Infestor  
  59  12:14  Hatchery  
  50  12:20  Drone  
  45  12:31  Roach  
  45  12:35  Zergling x2  
  48  12:41  Hatchery  
  39  12:46  Hydralisk  
  36  13:11  Zergling x2  
Tags
 
Add a new tag
Caveats
  • Supply blocks, unpowered buildings, or Contaminate may cause inaccurate times.
  • Supply counts are checked every 10 seconds.